 Dungeon Crawl Stone Soup version 0.31-a0-963-ga325b2283a (webtiles) character file.

Game seed: 17827269947216326687

60 Xavori the Trooper (level 4, 0/35 HPs)
             Began as a Djinni Chaos Knight on Oct 25, 2023.
             Was a Plaything of Xom.
             Killed from afar by a white imp (6 damage)
             ... with a puff of frost
             ... summoned by Xom
             ... on level 2 of the Dungeon.
             The game lasted 00:01:53 (9078 turns).

Xavori the Trooper (Djinni Chaos Knight)            Turns: 9078, Time: 00:01:54

Health: 0/35       AC:  5    Str:  8 (10) XL:     4   Next: 24%
Gold:   137        EV: 12    Int: 13      God:    Xom [*.....] SH:  0 Dex: 18

rFire   + + .        a - +0 falchion (chaos)
rCold   x . .        (no shield)
rNeg    . . .        b - +2 leather armour
rPois   ∞            (no helmet)
rElec   .            (no cloak)
rCorr   .            (no gloves)
SInv    .            (boots unavailable)
Will    .....        (no amulet)
Stlth   +            (no ring)
HPRegen 0.25/turn    (no ring)
MPRegen 0.00/turn

%: clarity, infuse magic (-1 HP)
@: flying, slowed, very slow
A: sickness immunity, fire resistance 2, cold vulnerability 1, float, innate
caster, HP casting, extra vitality 1, agile 1, clarity, deterioration 2,
teleportitis 1
a: Renounce Religion


You were on level 2 of the Dungeon.
You worshipped Xom.
You were a special plaything of Xom.
You visited 1 branch of the dungeon, and saw 2 of its levels.

You collected 137 gold pieces.

Inventory:

Hand Weapons
 a - a +0 falchion of chaos (weapon)
Armour
 b - a +2 leather armour (worn)
Jewellery
 i - a +6 ring of intelligence
Scrolls
 c - a scroll of butterflies
 d - a scroll of fog {unknown}
 g - a scroll of revelation {unknown}
 h - a scroll of teleportation {unknown}
Potions
 e - a potion of degeneration {unknown}
 f - a potion of heal wounds {unknown}
 j - a potion of enlightenment {unknown}


   Skills:
 + Level 3.3 Fighting
 + Level 3.0 Long Blades
 + Level 1.7 Armour
 + Level 2.7 Dodging
 * Level 1.0 Spellcasting
 * Level 1.0 Conjurations
 * Level 1.0 Hexes
   Level 0.0 Charms
 * Level 1.0 Summonings
 * Level 1.0 Necromancy
 * Level 1.0 Translocations
 * Level 1.0 Transmutations
 * Level 1.0 Fire Magic
 * Level 1.0 Ice Magic
 * Level 1.0 Air Magic
 * Level 1.0 Earth Magic
 * Level 1.0 Poison Magic


You knew the following spells:

 Your Spells              Type           Power      Damage    Failure   Level
a - Sandblast             Erth           6%         2d5       26%         1
Your spell library was empty.

Dungeon Overview and Level Annotations

Branches:
Dungeon (2/15)

Altars:


Innate Abilities, Weirdness & Mutations

You are immune to sickness and miasma.
You are immune to poison.
Your flesh is very heat resistant. (rF++)
You are vulnerable to cold. (rC-)
You float through the air rather than walking.
You learn spells naturally, not from books.
Your magical power is your life essence.
You have superior vitality. (+4 MHP)
You are agile. (Dex +4, Str/Int -1)
You possess an exceptional clarity of mind.
Your body often deteriorates upon taking damage.
You are occasionally teleported next to monsters.


Message History

The crimson imp shouts, "Slither away, thou twisted spleeny slime mould!"
The white imp gestures at you. The puff of frost misses you.
The cerulean imp barely misses you.
Natasha mumbles some strange words.
You hit Natasha but do no damage.
Natasha is severely wounded.
The white imp gestures at you. The puff of frost misses you.
The iron imp hits you.
Your body deteriorates!
You feel weakened.
The cerulean imp hits you but does no damage.
Natasha mumbles some strange words.
You hit Natasha but do no damage.
Natasha is almost dead.
The white imp misses you. The cerulean imp barely misses you.
The iron imp barely misses you. The cerulean imp closely misses you.
Natasha casts a spell at you.
You feel yourself slow down.
Unknown command.
You closely miss Natasha.
Natasha is almost dead.
The white imp hits you. The white imp freezes you!
You feel a terrible chill! The cerulean imp closely misses you.
The cerulean imp hits you from afar with a +0 spear.
The cerulean imp barely misses you.
Natasha stares at you and mumbles some strange words.
The magic dart hits you. The iron imp misses you.
The white imp disappears for a moment.
The white imp hits you but does no damage.
The cerulean imp hits you from afar with a +2 spear.
The cerulean imp hits you from afar with a +1 spear.
* * * LOW HITPOINT WARNING * * *
The cerulean imp hits you from afar with a +0 spear.
* * * LOW HITPOINT WARNING * * *
You hit Natasha. Lightning courses through Natasha!
You kill Natasha!
Natasha yowls pathetically as she dies!
The cerulean imp disappears in a puff of smoke! x3
The white imp gestures at you. The puff of frost hits you.
You feel a terrible chill!
You die...

#....# ###....# ##
#......# ..
#.#....# .. ......#
.. §w§§.# .. #†5.#
.. #@#.# .. ##.
#5#.# .. .. #5#.##
## #.###....######
##
#####.#.#..........
.#
#.............####
.# #.............#
.# #.............#
.# #.........#####


You could see a worm, an iron imp (summoned), a crimson imp (summoned) and a
white imp (summoned).

Vanquished Creatures
  Terence (D:2)
  Natasha (D:2)
  A worm (D:2)
  5 ball pythons
  3 endoplasms
  A giant cockroach (D:2)
  3 goblins
  4 hobgoblins
  A quokka (D:1)
  3 bats
  A frilled lizard (D:1)
  3 kobolds (D:1)
  5 rats
32 creatures vanquished.

Notes
Turn   | Place    | Note
-------+----------+-------------------------------------------
     0 | D:1      | Xavori the Djinni Chaos Knight began the quest for the Orb.
     0 | D:1      | Reached XP level 1. HP: 20/20 MP: 0/0
    56 | D:1      | XOM: divination: detect items
    60 | D:1      | XOM: silly message
   101 | D:1      | XOM: swap monsters
   104 | D:1      | Reached XP level 2. HP: 24/25 MP: 0/0
   256 | D:1      | XOM: polymorph giant cockroach -> quokka
   409 | D:1      | XOM: noise
   440 | D:1      | Reached XP level 3. HP: 30/30 MP: 0/0
   440 | D:1      | Learned a level 1 spell: Sandblast
   477 | D:1      | XOM: divination: detect creatures
  1713 | D:1      | XOM: noise
  1949 | D:1      | XOM: noise
  2128 | D:1      | XOM: noise
  3349 | D:1      | XOM: noise
  3427 | D:1      | XOM is BORED!
  3691 | D:1      | XOM: give mutations
  3691 | D:1      | Gained mutation: Your body sometimes deteriorates upon
                  | taking damage. [Xom's mischief]
  3691 | D:1      | Gained mutation: You are dopey. (Int -2) [Xom's mischief]
  3691 | D:1      | Gained mutation: Your body often deteriorates upon taking
                  | damage. [Xom's mischief]
  3962 | D:1      | XOM: god gift: 25 gold pieces
  4078 | D:1      | XOM: noise
  4417 | D:1      | XOM: god gift: runed hand axe {god gift}
  5222 | D:1      | XOM: divination: magic mapping
  5311 | D:1      | XOM: cloud trail
  5815 | D:1      | XOM: cloud trail
  6644 | D:1      | XOM is BORED!
  7739 | D:1      | XOM: summons 1 hostile demon
  8088 | D:2      | XOM: give mutations
  8088 | D:2      | Gained mutation: You possess an exceptional clarity of
                  | mind. [Xom's mischief]
  8088 | D:2      | Lost mutation: You possess an exceptional clarity of mind.
                  | [Xom's mischief]
  8483 | D:1      | XOM: give mutations
  8483 | D:1      | Gained mutation: You sometimes lose your temper in combat.
                  | [Xom's mischief]
  8483 | D:1      | Lost mutation: You are dopey. (Int -2) [Xom's mischief]
  8483 | D:1      | Lost mutation: You sometimes lose your temper in combat.
                  | [Xom's mischief]
  8633 | D:1      | XOM: summons 2 hostile demons
  8773 | D:2      | XOM: give mutations
  8773 | D:2      | Gained mutation: You are agile. (Dex +4, Str/Int -1) [Xom's
                  | mischief]
  8773 | D:2      | Gained mutation: You are occasionally teleported next to
                  | monsters. [Xom's mischief]
  8773 | D:2      | Gained mutation: You possess an exceptional clarity of
                  | mind. [Xom's mischief]
  8905 | D:2      | Noticed Terence
  8914 | D:2      | Killed Terence
  8915 | D:2      | Reached XP level 4. HP: 18/35 MP: 0/0
  8921 | D:2      | Reached skill level 1 in Spellcasting
  8921 | D:2      | Reached skill level 1 in Conjurations
  8921 | D:2      | Reached skill level 1 in Hexes
  8921 | D:2      | Reached skill level 1 in Summonings
  8921 | D:2      | Reached skill level 1 in Necromancy
  8921 | D:2      | Reached skill level 1 in Translocations
  8921 | D:2      | Reached skill level 1 in Transmutations
  8921 | D:2      | Reached skill level 1 in Fire Magic
  8921 | D:2      | Reached skill level 1 in Ice Magic
  8921 | D:2      | Reached skill level 1 in Air Magic
  8921 | D:2      | Reached skill level 1 in Earth Magic
  8921 | D:2      | Reached skill level 1 in Poison Magic
  9068 | D:2      | Noticed Natasha
  9070 | D:2      | XOM: summons 3 hostile demons
  9078 | D:2      | Killed Natasha
  9078 | D:2      | Killed from afar by a white imp

Illustrated notes

Levels and vault maps discovered:
D:1:      dpeg_arrival_pond, layout_basic
D:2:      layout_basic, basic_altar, roderic_serpentine_path, kennysheep_path_1,
          uniq_terence, uniq_natasha

Skill      XL: |  1  2  3  4 |
---------------+-------------+-----
Long Blades    | 3 |  3.0
Spellcasting   | 1 |  1.0
Conjurations   | 1 |  1.0
Hexes          | 1 |  1.0
Summonings     | 1 |  1.0
Necromancy     | 1 |  1.0
Translocations | 1 |  1.0
Transmutations | 1 |  1.0
Fire Magic     | 1 |  1.0
Ice Magic      | 1 |  1.0
Air Magic      | 1 |  1.0
Earth Magic    | 1 |  1.0
Poison Magic   | 1 |  1.0
Fighting       | |  3.3
Armour         | |  1.7
Dodging        | |  2.7

Action                     |  1- 3 |  4- 6 || total
---------------------------+-------+-------++-------
  Melee: Falchion          |    68 |    26 ||    94
   Stab: Sleeping          |     1 |       ||     1
 Armour: Leather armour    |    48 |    29 ||    77
  Dodge: Dodged            |    50 |    36 ||    86

Table legend: (Time is in decaauts)
 A = Elapsed time spent in this place.
 B = Non-inter-level travel time spent in this place.
 C = Inter-level travel time spent in this place.
 D = Time resting spent in this place.
 E = Time spent auto-exploring this place.
 F = Levels seen in this place.
 G = Mean time per level.
                   A        B        C        D        E       F      G
               +--------+--------+--------+--------+--------+-----+--------+
         Total |   9094 |   9058 |     36 |   8211 |    621 |   2 | 4547.0 |
       Dungeon |   9094 |   9058 |     36 |   8211 |    621 |   2 | 4547.0 |
               +--------+--------+--------+--------+--------+-----+--------+

Top non-repeatable levels by time:
     D:1: 7793 daAuts
     D:2: 1300 daAuts
